 Dungeon Crawl Stone Soup version 0.21-a0-64-g1c0f2e3 (webtiles) character file.

21745 Llamajah the Nimble (level 13, -8/103 HPs)
             Began as a Formicid Fighter on June 16, 2017.
             Was the Champion of Okawaru.
             Mangled by a komodo dragon (22 damage)
             ... on level 3 of the Lair of Beasts.
             The game lasted 00:55:36 (12269 turns).

Llamajah the Nimble (Formicid Fighter)             Turns: 12269, Time: 00:55:37

Health: -8/103     AC: 21    Str: 25    XL:     13   Next: 22%
Magic:  17/18      EV: 20    Int:  9    God:    Okawaru [******]
Gold:   388        SH: 14    Dex: 14    Spells: 12/12 levels left

rFire    + + +     SeeInvis +   T - +1 broad axe
rCold    + . .     Gourm    .   c - +0 shield
rNeg     . . .     Faith    .   g - +1 plate armour
rPois    +         Spirit   .   (helmet unavailable)
rElec    +         Reflect  .   (no cloak)
rCorr    +         Harm     .   K - +2 pair of gloves of Good Intentions {rF++ Str+4}
MR       +....                  (no boots)
Stlth    ..........             O - amulet of regeneration
HPRegen  0.67/turn              E - ring of poison resistance
MPRegen  0.16/turn              d - +4 ring of evasion

@: resistant, heroism
A: permanent stasis, dig shafts and tunnels, four strong arms, antennae 3
a: Dig, Shaft Self, Heroism, Finesse, Renounce Religion


You were on level 3 of the Lair of Beasts.
You worshipped Okawaru.
Okawaru was exalted by your worship.
You were not hungry.

You visited 3 branches of the dungeon, and saw 15 of its levels.

You collected 660 gold pieces.
You spent 272 gold pieces at shops.

Inventory:

Hand Weapons
 a - a +0 war axe
 j - a +2 scimitar of holy wrath
 J - a +0 dire flail of protection
 T - a +1 broad axe (weapon)
Armour
 c - a +0 shield (worn)
 g - a +1 plate armour (worn)
 h - a scarf of cloud immunity
 k - a +1 pair of gloves
 K - the +2 pair of gloves of Good Intentions (worn) {rF++ Str+4}
   (You found it on level 9 of the Dungeon)

   It affects your strength (+4).
   It greatly protects you from fire.
Jewellery
 d - a +4 ring of evasion (right hand)
 o - a +4 ring of intelligence
 r - an uncursed ring of ice
 z - an uncursed ring of teleportation
 D - an uncursed ring of protection from fire
 E - a ring of poison resistance (left hand)
 O - an amulet of regeneration (around neck)
Wands
 x - a wand of digging (11/24)
 y - a wand of flame (15/48)
 N - a wand of acid (15/15)
 Q - a wand of confusion (18/48)
 S - a wand of polymorph (11/24)
Scrolls
 b - 2 scrolls of amnesia
 l - a scroll of fear
 n - a scroll of magic mapping
 q - 6 scrolls of remove curse
 s - 3 scrolls of immolation
 A - a scroll of fog
 C - a scroll of holy word {unknown}
 F - a scroll of recharging
 M - a scroll of summoning
 V - a scroll of silence
Potions
 e - 2 potions of cancellation
 i - 2 potions of agility
 p - 3 potions of curing
 t - a potion of lignification
 v - 6 potions of brilliance
 w - 4 potions of flight
 I - a potion of ambrosia
 P - a potion of magic
Books
 B - a book of Maledictions

   Spells                             Type                      Level
   a - Corona                         Hexes                        1
   b - Ensorcelled Hibernation        Hexes/Ice                    2
   c - Confuse                        Hexes                        3
   d - Tukima's Dance                 Hexes                        3
   e - Dazzling Spray                 Conjuration/Hexes            3
 R - a book of Conjurations

   Spells                             Type                      Level
   a - Magic Dart                     Conjuration                  1
   b - Searing Ray                    Conjuration                  2
   c - Dazzling Spray                 Conjuration/Hexes            3
   d - Fulminant Prism                Conjuration/Hexes            4
   e - Force Lance                    Conjuration/Translocation    4
   f - Iskenderun's Mystic Blast      Conjuration                  4
 W - a book of Clouds

   Spells                             Type                      Level
   a - Poisonous Vapours              Poison/Air                   2
   b - Mephitic Cloud                 Conjuration/Poison/Air       3
   c - Conjure Flame                  Conjuration/Fire             3
   d - Freezing Cloud                 Conjuration/Ice/Air          6
   e - Ring of Flames                 Charms/Fire                  7
 X - a book of Changes

   Spells                             Type                      Level
   a - Beastly Appendage              Transmutation                1
   b - Sticks to Snakes               Transmutation                2
   c - Spider Form                    Transmutation/Poison         3
   d - Ice Form                       Ice/Transmutation            4
   e - Blade Hands                    Transmutation                5
 Y - a book of Air

   Spells                             Type                      Level
   a - Shock                          Conjuration/Air              1
   b - Swiftness                      Charms/Air                   2
   c - Static Discharge               Conjuration/Air              3
   d - Airstrike                      Air                          4
   e - Lightning Bolt                 Conjuration/Air              5
Comestibles
 f - 10 bread rations
 u - 7 chunks of flesh
 G - 8 meat rations
 L - 8 royal jellies
 U - 20 fruits


   Skills:
 + Level 10.0(15.0) Fighting
 + Level 9.2(14.2) Axes
 + Level 10.1(15.1) Armour
 + Level 10.4(15.4) Dodging
 - Level 10.0(15.0) Shields
 - Level 7.2 Invocations


You had 12 spell levels left.
You didn't know any spells.

Dungeon Overview and Level Annotations

Branches:
Dungeon (11/15)            Temple (1/1) D:4            Lair (3/6) D:9
  Swamp (0/4) Lair:3
  Snake: Lair:2-4    Spider: Lair:2-4       Orc: D:9-12

Altars:
Ashenzari
Cheibriados
Dithmenos
Elyvilon
Fedhas
Gozag
Hepliaklqana
Kikubaaqudgha
Makhleb
Nemelex Xobeh
Okawaru
Qazlal
Ru
Sif Muna
Trog
Uskayaw
Vehumet
Wu Jian
Xom
Yredelemnul
Zin
The Shining One

Shops:
D:6 !*   D:7 *   D:8 :   D:9 %[}*:   D:10 [

Annotations:
D:11 enarc13's ghost, journeyman MiGl


Innate Abilities, Weirdness & Mutations

You cannot be hasted, slowed, berserked, paralysed or teleported.
You can dig through walls and to a lower floor.
Your four strong arms can wield two-handed weapons with a shield.
You have a pair of large antennae on your head. (SInv)


Message History

The komodo dragon bites you but does no damage.
The blink frog blinks!
You hit the komodo dragon but do no damage.
The komodo dragon is almost dead.
The komodo dragon bites you!!
* * * LOW HITPOINT WARNING * * *
The blink frog blinks!
You hit the komodo dragon but do no damage.
The komodo dragon is almost dead.
The blink frog blinks!
The komodo dragon bites you.
* * * LOW HITPOINT WARNING * * *
You feel protected. You block the blink frog's attack.
The blink frog blinks!
You block the blink frog's attack.
The blink frog blinks!
You block the komodo dragon's attack. The blink frog completely misses you.
You feel better. The blink frog hits you.
* * * LOW HITPOINT WARNING * * *
You block the blink frog's attack.
The blink frog blinks!
The komodo dragon bites you!!
You die...

..............###
..............#.#
................##
#......#.........#
##P##...........###
## ####..........##
#.#.........#
##§.....F...#
#....§.@†.#.#
#..§..lF..###
#.......§F.#
####.F.....#
#......#.
.........#.
.......... ##
.P.........


You could see a komodo dragon and 4 blink frogs.

Vanquished Creatures
  2 hydras (Lair:2)
  A catoblepas (Lair:2)
  2 two-headed ogres
  The ghost of Llamajah the Shield-Bearer, a novice FoFi of Okawaru (D:8)
  An unseen horror (D:10)
  A cyclops (D:11)
  A black mamba (Lair:2)
  A rime drake (Lair:2)
  7 spiny frogs
  A komodo dragon (Lair:2)
  2 hellwings (D:9)
  A polar bear (Lair:2)
  11 blink frogs
  A hippogriff (Lair:1)
  2 hogs (D:8)
  Sigmund (D:6)
  A basilisk (Lair:2)
  16 yaks
  A human (D:8)
  5 swamp worms (Lair:3)
  Edmund (D:5)
  2 water moccasins
  7 porcupines
  3 orc warriors
  3 black bears
  2 sky beasts
  3 ice beasts
  3 ogres
  3 phantoms
  A centaur (D:5)
  4 crocodiles
  A big kobold (D:10)
  8 bullfrogs
  2 gnoll sergeants (D:9)
  4 scorpions
  3 wights (D:10)
  4 howler monkeys
  An electric eel (Lair:3)
  2 crimson imps
  A bullfrog zombie (D:5)
  6 centaur zombies
  5 hounds
  2 jellies (D:5)
  3 bullfrog skeletons
  2 orc priests
  5 centaur skeletons
  6 orc wizards
  A gnoll shaman (D:7)
  Jessica (D:2)
  3 iguanas
  Natasha (twice) (D:2)
  7 worker ants
  2 hound zombies
  12 gnolls
  13 adders
  6 shadow imps
  4 adder zombies
  A dart slug (D:2)
  5 leopard geckos
  41 orcs
  7 bats
  6 giant cockroaches
  8 goblins
  8 hobgoblins
  8 jackals
  8 kobolds
  4 quokkas
  2 frilled lizards
  A jackal skeleton (D:8)
  A leopard gecko zombie (D:6)
  5 rats
  3 fungi (D:9)
  2 plants (D:9)
307 creatures vanquished.

Vanquished Creatures (others)
  2 orcs (D:3)
2 creatures vanquished.

Grand Total: 309 creatures vanquished

Notes
Turn   | Place    | Note
-------+----------+-------------------------------------------
     0 | D:1      | Llamajah the Formicid Fighter began the quest for the Orb.
     0 | D:1      | Reached XP level 1. HP: 18/18 MP: 1/1
   235 | D:1      | Reached XP level 2. HP: 24/24 MP: 2/2
   372 | D:1      | Reached skill level 1 in Dodging
   810 | D:1      | Reached XP level 3. HP: 29/29 MP: 3/3
  1004 | D:2      | Found a glowing silver altar of Zin.
  1051 | D:2      | Noticed Natasha
  1058 | D:2      | Killed Natasha
  1058 | D:2      | Reached XP level 4. HP: 28/35 MP: 4/4
  1075 | D:2      | Found a bloodstained altar of Trog.
  1118 | D:2      | Noticed Jessica
  1122 | D:2      | Killed Jessica
  1274 | D:2      | Reached XP level 5. HP: 37/42 MP: 5/5
  1374 | D:2      | Noticed Natasha
  1380 | D:2      | Killed Natasha
  1454 | D:3      | Found a white marble altar of Elyvilon.
  1680 | D:3      | Reached XP level 6. HP: 33/48 MP: 6/6
  2378 | D:4      | Reached XP level 7. HP: 37/54 MP: 7/7
  2509 | D:4      | Reached skill level 5 in Shields
  2986 | D:4      | Found a staircase to the Ecumenical Temple.
  2991 | Temple   | Entered the Ecumenical Temple
  3072 | Temple   | Became a worshipper of Warmaster Okawaru
  3264 | D:4      | Found a sparkling altar of Nemelex Xobeh.
  3265 | D:4      | Found a transporter.
  3334 | D:5      | Entered Level 5 of the Dungeon
  3466 | D:5      | Reached skill level 1 in Invocations
  3466 | D:5      | Reached XP level 8. HP: 28/61 MP: 8/8
  3599 | D:5      | Found an opulent altar of Gozag.
  4205 | D:5      | Reached skill level 5 in Armour
  4416 | D:5      | Noticed Edmund
  4463 | D:5      | Killed Edmund
  4463 | D:5      | Reached skill level 5 in Fighting
  4631 | D:6      | Reached * piety under Okawaru
  4837 | D:5      | Reached skill level 5 in Dodging
  4938 | D:6      | Reached XP level 9. HP: 64/68 MP: 11/11
  4974 | D:6      | Noticed Sigmund
  4992 | D:6      | Killed Sigmund
  5249 | D:6      | Found an ornate altar of the Wu Jian Council.
  5271 | D:6      | Found Ohacihim's General Store.
  5346 | D:6      | Found Tinn's Distillery.
  5354 | D:6      | Bought a potion of heal wounds for 55 gold pieces
  5354 | D:6      | Bought a potion of curing for 33 gold pieces
  5354 | D:6      | Bought a potion of heal wounds for 55 gold pieces
  5354 | D:6      | Bought 2 potions of curing for 66 gold pieces
  5587 | D:6      | Reached skill level 5 in Axes
  5630 | D:7      | Reached ** piety under Okawaru
  5675 | D:7      | Found a glowing golden altar of the Shining One.
  5867 | D:7      | Found Beokha's Assorted Antiques.
  6125 | D:8      | Found Wilyonui's Book Emporium.
  6136 | D:8      | Found a shadowy altar of Dithmenos.
  6136 | D:8      | Found a blossoming altar of Fedhas.
  6300 | D:8      | Noticed Llamajah's ghost (novice FoFi)
  7015 | D:8      | Killed Llamajah's ghost
  7015 | D:8      | Reached *** piety under Okawaru
  7015 | D:8      | Reached XP level 10. HP: 37/77 MP: 10/13
  7105 | D:8      | Reached skill level 5 in Invocations
  7129 | D:8      | Reached **** piety under Okawaru
  7221 | D:9      | Found Edal's Food Boutique.
  7305 | D:9      | Got a pair of steaming gloves
  7333 | D:9      | Identified the +2 pair of gloves of Good Intentions {rF++ Str+4} (You found it on level 9 of the Dungeon)
  7339 | D:9      | Found Bine's Book Shop.
  7463 | D:9      | Found Huorchikk's Gadget Shop.
  7463 | D:9      | Found Cuen's Armour Shoppe.
  7587 | D:9      | Reached ***** piety under Okawaru
  7610 | D:9      | Reached XP level 11. HP: 84/84 MP: 15/15
  7684 | D:9      | Found a staircase to the Lair.
  7799 | D:9      | Found Ykhlor's Assorted Antiques.
  7802 | D:9      | Bought a scroll labeled MIOLLEPL BOOD for 21 gold pieces
  7802 | D:9      | Bought a scroll labeled OSHROH EDADDEMP for 21 gold pieces
  7802 | D:9      | Bought a scroll labeled GAEFRI NIGY for 21 gold pieces
  7865 | D:9      | Noticed a two-headed ogre
  7889 | D:9      | Killed a two-headed ogre
  8111 | D:10     | Entered Level 10 of the Dungeon
  8132 | D:10     | Received a gift from Okawaru
  8174 | D:10     | Noticed an unseen horror
  8208 | D:10     | Killed an unseen horror
  8328 | D:10     | Noticed a two-headed ogre
  8342 | D:10     | Killed a two-headed ogre
  8611 | D:10     | Found Iday's Armour Emporium.
  8854 | D:11     | Noticed a cyclops
  8871 | D:11     | Killed a cyclops
  8922 | D:11     | Noticed enarc13's ghost (journeyman MiGl)
  8990 | D:11     | Reached XP level 12. HP: 26/94 MP: 15/17
  9149 | D:11     | Reached ****** piety under Okawaru
  9424 | Lair:1   | Entered Level 1 of the Lair of Beasts
  9636 | Lair:1   | Noticed a seven-headed hydra
  9913 | Lair:1   | Received a gift from Okawaru
 10328 | Lair:1   | Reached skill level 10 in Shields
 10773 | Lair:2   | Noticed a catoblepas
 10803 | Lair:2   | Killed a catoblepas
 11088 | Lair:2   | Received a gift from Okawaru
 11112 | Lair:2   | Noticed a seven-headed hydra
 11183 | Lair:2   | Killed a seven-headed hydra
 11211 | Lair:2   | Reached skill level 10 in Dodging
 11394 | Lair:2   | Noticed a six-headed hydra
 11412 | Lair:2   | Killed a six-headed hydra
 11412 | Lair:2   | Reached XP level 13. HP: 76/102 MP: 18/18
 11424 | Lair:2   | Found a shattered altar of Ashenzari.
 11924 | Lair:3   | Found a staircase to the Swamp.
 11991 | Lair:3   | Reached skill level 10 in Armour
 12199 | Lair:3   | Reached skill level 10 in Fighting
 12269 | Lair:3   | Mangled by a komodo dragon

Vault maps used:
D:1:      kennysheep_arrival_seaside
D:2:      old_standard_altar, lemuel_doored_altar, uniq_jessica, uniq_natasha
D:3:      elyvilon_altar_4, minivault_11
D:4:      temple_doors_e, first_bread, grunt_nemelex_the_gamble
D:5:      hangedman_decor_push, grunt_gozag_statues, uniq_edmund
D:6:      nicolae_overflow_crystal_walls, serial_shops, nicolae_shop_crystal,
          shop, uniq_sigmund
D:7:      tso_oasis_becter, serial_shops, nicolae_shop_overgrown_old_shop
D:8:      grunt_temple_overflow_open, serial_curves, eino_curves_04,
          eino_curves_02, serial_shops, shop, grunt_livestock
D:9:      cheibrodos_grave_circle, dpeg_oklobed_lair, serial_shops,
          nicolae_shop_temple_entry_statues_fountains, shop_statue, shop,
          nicolae_shop_crystal, kennysheep_mini_moat, library_closet,
          dk_vineyard_2
D:10:     serial_shops, nicolae_shop_temple_entry_statues_fountains,
          basic_loot_grate_trap, minmay_item_behind_shaft
D:11:     minmay_orc_entry_temple_small, hangedman_abyss_or_decor_clamps,
          corexii_checkpoint_a
Temple:   regret_index_temple_waves
Lair:1:   serial_bayou_shore_b, serial_bayou_shore_b, grunt_megastairs_2,
          lemuel_fruit_tree
Lair:2:   basic_altar, st_stairs_12, lemuel_fruit_fields
Lair:3:   nicolae_swamp_entry_splash_gauntlet, infiniplex_staircase_pool_2,
          serial_bayou_shore_b

Skill      XL: |  1  2  3  4  5  6  7  8  9 10 11 12 13 |
---------------+----------------------------------------+-----
Dodging        | 1 2 3 4 5 6 7 9 10 | 10.4
Shields        | 4 5 6 8 9 10 | 10.0
Armour         | 4 5 6 7 8 9 10 | 10.1
Fighting       | 4 5 6 7 8 9 10 | 10.0
Axes           | 3 4 5 6 7 8 9 |  9.2
Invocations    | 1 3 4 6 7 |  7.2

Action                   |  1- 3 |  4- 6 |  7- 9 | 10-12 | 13-15 || total
-------------------------+-------+-------+-------+-------+-------++-------
Melee: War axe           |    77 |   209 |   712 |   471 |       ||  1469
       Broad axe         |       |       |       |   258 |   135 ||   393
       Dire flail        |       |       |       |    39 |       ||    39
       Scimitar          |       |       |       |     5 |       ||     5
Invok: Heroism           |       |       |     3 |     5 |     2 ||    10
       Finesse           |       |       |       |     1 |       ||     1
 Abil: Dig               |       |       |     3 |     5 |     1 ||     9
  Use: Potion            |       |     1 |     2 |       |     2 ||     5
       Scroll            |       |       |       |    25 |       ||    25
  Eat: Chunk             |     1 |     4 |    14 |    11 |     3 ||    33
       Royal jelly       |       |       |     1 |       |       ||     1
       Fruit             |       |       |       |     8 |       ||     8
Armor: Plate armour      |    90 |   118 |   275 |   292 |    36 ||   811
Dodge: Dodged            |    16 |    52 |   277 |   424 |    84 ||   853
Block: Shield            |    57 |   125 |   361 |   534 |    82 ||  1159
       Rpst.: Scimitar   |       |       |       |     1 |       ||     1
